 Dungeon Crawl Stone Soup version 0.19-a0-599-g723c685 (webtiles) character file.

48792 epen the Jinx (level 14, 0/70 (72) HPs)
             Began as a Spriggan Enchanter on June 11, 2016.
             Was an Initiate of Gozag.
             Slain by a black bear (7 damage)
             ... on level 6 of the Lair of Beasts.
             The game lasted 00:51:39 (23254 turns).

epen the Jinx (Spriggan Enchanter)                 Turns: 23254, Time: 00:51:49

HP:   0/70 (72)     AC: 13    Str:  6    XL:     14   Next: 13%
MP:   18/29         EV: 29    Int: 16    God:    Gozag
Gold: 5097          SH:  8    Dex: 19    Spells: 5 memorised, 20 levels left

rFire  + . .     SeeInvis +     f - +4 dagger (speed)
rCold  . . .     Gourm    .     b - +1 robe
rNeg   . . .     Faith    .     m - +0 buckler {AC+3}
rPois  .         Spirit   .     L - +1 hat {MR+}
rElec  .         Dismiss  .     l - +1 cloak
rCorr  .         Reflect  .     (gloves unavailable)
SustAt +         Harm     .     (boots unavailable)
MR     +++..                    t - amulet of magic regeneration
Stlth  ++++++....               q - ring of protection from fire
                                R - ring of sustain attributes

@: drained, very quick, extremely resistant to hostile enchantments, very
stealthy
A: unfitting armour, hooves 1, rough black scales 1, see invisible, dopey 1,
herbivore 3, speed 3, slow metabolism 2, strong 1
a: Potion Petition, Call Merchant, Bribe Branch, Renounce Religion


You were on level 6 of the Lair of Beasts.
You worshipped Gozag.
Gozag was noncommittal.
You were not hungry.

You visited 2 branches of the dungeon, and saw 19 of its levels.
You also visited: Labyrinth.

You collected 5159 gold pieces.
You paid 62 gold pieces to Gozag.

Inventory:

Hand Weapons
 f - a +4 dagger of speed (weapon)
 P - a +0 blowgun
Missiles
 J - 7 needles of sleeping
 U - 2 throwing nets (quivered)
Armour
 b - a +1 robe (worn)
 l - a +1 cloak (worn)
 m - a +0 buckler of protection (worn)
 L - a +1 hat of magic resistance (worn)
Jewellery
 q - a ring of protection from fire (right hand)
 t - an amulet of magic regeneration (around neck)
 v - an uncursed ring of ice
 R - a ring of sustain attributes (left hand)
Wands
 w - a wand of paralysis (13/24)
 x - a wand of acid (8/15)
 G - a wand of flame (38/48)
 M - a wand of polymorph (8/24)
 N - a wand of lightning (2/15)
 Y - a wand of paralysis (11/24)
Scrolls
 g - 3 scrolls of recharging
 i - 3 scrolls of remove curse
 j - 4 scrolls of amnesia
 k - 2 scrolls of fear
 n - 6 scrolls of immolation
 o - 4 scrolls of identify
 p - a scroll of magic mapping
 s - 4 scrolls of enchant armour
 y - a scroll of teleportation
 Q - 3 scrolls of enchant weapon
 S - 2 scrolls of summoning
 X - 2 scrolls of silence
Potions
 a - a potion of flight
 e - 4 potions of haste
 h - 4 potions of magic
 A - 4 potions of lignification
 B - 2 potions of cancellation
 E - 6 potions of curing
 F - a potion of invisibility
 H - a potion of might
 I - 5 potions of heal wounds
 K - 2 potions of ambrosia
 O - a potion of agility
 W - a potion of cure mutation
Books
 c - a book of Maledictions

   Spells                             Type                      Level
   a - Corona                         Hexes                        1
   b - Ensorcelled Hibernation        Hexes/Ice                    2
   c - Confuse                        Hexes                        3
   d - Tukima's Dance                 Hexes                        3
   e - Dazzling Spray                 Conjuration/Hexes            3
 r - a book of Enchantments

   Spells                             Type                      Level
   a - Cause Fear                     Hexes                        4
   b - Yara's Violent Unravelling     Hexes/Transmutation          5
   c - Silence                        Hexes/Air                    5
   d - Deflect Missiles               Charms/Air                   6
   e - Haste                          Charms                       6
   f - Discord                        Hexes                        8
 z - a book of Misfortune

   Spells                             Type                      Level
   a - Confusing Touch                Hexes                        2
   b - Confuse                        Hexes                        3
   c - Gell's Gravitas                Hexes/Translocation          3
   d - Petrify                        Transmutation/Earth          4
   e - Metabolic Englaciation         Hexes/Ice                    5
   f - Yara's Violent Unravelling     Hexes/Transmutation          5
 T - a Grand Grimoire

   Spells                             Type                      Level
   a - Monstrous Menagerie            Summoning                    7
   b - Summon Greater Demon           Summoning                    7
   c - Malign Gateway                 Summoning/Translocation      7
   d - Summon Horrible Things         Summoning                    8
Miscellaneous
 D - a sack of spiders
Comestibles
 d - 4 bread rations
 u - 24 fruits
 V - a slice of pizza
 Z - a royal jelly


   Skills:
 + Level 7.1(6.8) Fighting
 + Level 9.4(9.1) Short Blades
 + Level 3.9(3.6) Throwing
 + Level 12.3(12.0) Dodging
 + Level 13.1(12.7) Stealth
 + Level 6.4(6.1) Shields
 + Level 10.4(10.1) Spellcasting
 + Level 4.3(4.1) Conjurations
 * Level 14.1(13.8) Hexes
 + Level 4.2(3.9) Evocations


You had 20 spell levels left.
You knew the following spells:

 Your Spells              Type           Power        Failure   Level  Hunger
a - Confusing Touch       Hex            ######       1%          2    None
b - Ensorcelled Hibernat  Hex/Ice        ####..       1%          2    None
c - Confuse               Hex            ######..     1%          3    None
d - Tukima's Dance        Hex            ######..     1%          3    None
e - Dazzling Spray        Conj/Hex       #####.       1%          3    None


Dungeon Overview and Level Annotations

Branches:
Dungeon (13/15)            Temple (0/1) D:5            Lair (6/6) D:8
  Swamp (0/4) Lair:3       Spider (0/4) Lair:2        Slime (0/5) Lair:5
    Orc (0/2) D:12
 Vaults: D:13-14

Altars:
Ashenzari
Fedhas
Gozag
Hepliaklqana
Kikubaaqudgha
Makhleb
Nemelex Xobeh
Okawaru
Qazlal
Ru
Sif Muna
Xom
Zin

Shops:
D:12 [

Annotations:
D:12 Rupert


Innate Abilities, Weirdness & Mutations

You are tiny and cannot use many weapons and most armour.
You have supernaturally acute eyesight. (SInv)
You are a herbivore.
You cover ground extremely quickly.
You need consume almost no food.
You have large cloven feet.
You are partially covered in rough black scales. (AC +4, Dex -1)
You are dopey. (Int -2)
Your muscles are strong. (Str +2)


Message History

You hit the black bear.
The black bear is moderately wounded.
The black bear closely misses you. You block the black bear's attack.
The black bear completely misses you.
The spriggan rider hits you from afar with an uncursed vampiric spear!
* * * LOW HITPOINT WARNING * * *
The spriggan rider draws strength from your injuries!
You are too injured to fight recklessly!
You hit the spriggan rider.
The spriggan rider is lightly wounded.
The spriggan rider is no longer blind.
You miss the spriggan rider.
You kick the spriggan rider, but do no damage.
The spriggan rider is lightly wounded.
The spriggan rider hits you with an uncursed vampiric spear!
* * * LOW HITPOINT WARNING * * *
The spriggan rider draws strength from your injuries!
The black bear bites you!
You die...
Your body crumbles into a pile of gold.

.........................(.......
.................................
.................................
.............P#............P..[..
..............#...........P......
..#.........<...........(P.#....h
............................#....
........................P.###....
.".........(...i@....P...P #.....
................h....#....#......
.................................
...........(..(..................
................$................
..........$......................
......)..(......(................
................$$....:.PP.......
.........................PP......


You could see a spriggan rider and a black bear.

Vanquished Creatures
  Gastronok (D:11)
  Kirke (Lair:5)
  Maud (Lair:5)
  A minotaur (Lab)
  Harold (D:10)
  3 hydras
  The ghost of Canard the Spear-Bearer, a journeyman OpBe of Trog (D:10)
  A queen ant (Lair:6)
  An unseen horror (D:10)
  3 hill giants (D:12)
  An orb spider (Lair:2)
  An ugly thing (D:12)
  2 cyclopes (D:11)
  3 elephants (Lair:6)
  4 black mambas
  A gargoyle (D:10)
  2 rime drakes
  A torpor snail (Lair:6)
  7 spiny frogs
  A centaur skeleton (D:12)
  4 komodo dragons
  7 polar bears
  Prince Ribbit (Lair:2)
  A boulder beetle (Lair:5)
  A two-headed ogre (D:12)
  27 blink frogs
  A slime creature (D:8)
  Sigmund (D:2)
  A shadow (D:12)
  2 redbacks (Lair:6)
  A hog (Lair:5)
  9 spriggans
  Grum (D:11)
  39 yaks
  2 hippogriffs
  A basilisk (Lair:4)
  Menkaure (D:4)
  A steam dragon (D:13)
  5 soldier ants (Lair:6)
  13 water moccasins
  4 porcupines
  4 sky beasts
  8 ice beasts
  5 black bears (Lair:6)
  A necrophage (D:7)
  4 orc warriors
  3 wasps (Lair:6)
  2 phantoms
  26 wolves
  6 ogres
  2 centaurs
  3 big kobolds
  14 crocodiles
  17 giant frogs
  2 scorpions
  12 killer bees (D:9)
  10 wights
  5 howler monkeys
  9 crimson imps
  A quasit (D:9)
  2 giant frog zombies
  10 orc priests
  7 hounds
  17 jellies
  14 orc wizards
  4 giant frog skeletons
  Jessica (D:2)
  17 worker ants
  8 iguanas
  5 hell rats (Lair:5)
  Natasha (thrice) (D:3)
  12 sheep
  A hound zombie (D:6)
  A hound skeleton (D:5)
  3 gnolls (D:3)
  26 river rats
  15 adders
  4 shadow imps
  13 oozes
  4 dart slugs
  5 giant geckos
  42 orcs
  A ball python (D:2)
  5 bats
  8 giant cockroaches
  6 goblins
  10 hobgoblins
  10 jackals
  5 quokkas
  8 giant newts
  19 kobolds
  A quokka skeleton (D:4)
  5 rats
586 creatures vanquished.

Vanquished Creatures (others)
  3 humans (Lair:5)
  A giant frog (Lair:5)
  A worker ant (D:4)
  3 sheep (Lair:5)
  12 fungi
20 creatures vanquished.

Grand Total: 606 creatures vanquished

Notes
Turn   | Place    | Note
--------------------------------------------------------------
     0 | D:1      | epen the Spriggan Enchanter began the quest for the Orb.
     0 | D:1      | Reached XP level 1. HP: 9/9 MP: 5/5
   262 | D:1      | Reached XP level 2. HP: 8/14 MP: 4/6
   266 | D:1      | Learned a level 2 spell: Ensorcelled Hibernation
   952 | D:2      | Reached XP level 3. HP: 17/17 MP: 2/8
   974 | D:2      | Reached skill level 1 in Fighting
  1041 | D:1      | Learned a level 3 spell: Confuse
  1143 | D:2      | Reached skill level 4 in Hexes
  1671 | D:2      | Noticed Sigmund
  1680 | D:2      | Killed Sigmund
  1680 | D:2      | Reached skill level 5 in Stealth
  1680 | D:2      | Reached XP level 4. HP: 20/22 MP: 5/10
  1680 | D:2      | Reached XP level 5. HP: 23/25 MP: 5/11
  1706 | D:2      | Learned a level 3 spell: Tukima's Dance
  1734 | D:2      | Noticed Jessica
  1744 | D:2      | Killed Jessica
  1744 | D:2      | Reached skill level 1 in Shields
  1744 | D:2      | Reached skill level 5 in Hexes
  1942 | D:2      | Found a deep blue altar of Sif Muna.
  1979 | D:2      | Found a sacrificial altar of Ru.
  2045 | D:3      | Noticed Natasha
  2059 | D:3      | Killed Natasha
  2059 | D:3      | Reached XP level 6. HP: 30/30 MP: 9/12
  2072 | D:3      | Learned a level 3 spell: Dazzling Spray
  2447 | D:3      | Noticed Natasha
  2457 | D:3      | Killed Natasha
  2556 | D:3      | Noticed Natasha
  2576 | D:3      | Killed Natasha
  2623 | D:3      | Found an ancient bone altar of Kikubaaqudgha.
  3061 | D:3      | Found a sparkling altar of Nemelex Xobeh.
  3188 | D:4      | Noticed an ice beast
  3189 | D:4      | Killed an ice beast
  3378 | D:4      | Reached XP level 7. HP: 35/35 MP: 8/14
  3706 | D:4      | Reached skill level 5 in Dodging
  3719 | D:4      | Noticed Menkaure
  3761 | D:4      | Killed Menkaure
  3761 | D:4      | Reached skill level 6 in Hexes
  4083 | D:4      | Found an opulent altar of Gozag.
  4224 | D:4      | Became a worshipper of Gozag Ym Sagoz the Greedy
  4390 | D:5      | Entered Level 5 of the Dungeon
  4588 | D:5      | Reached XP level 8. HP: 32/39 MP: 7/15
  5232 | D:5      | Found a staircase to the Ecumenical Temple.
  5291 | D:5      | Reached skill level 5 in Spellcasting
  5291 | D:5      | Reached skill level 7 in Hexes
  5945 | D:6      | Reached XP level 9. HP: 41/42 MP: 5/18
  5995 | D:6      | Found a stormy altar of Qazlal.
  6202 | D:6      | Reached skill level 8 in Hexes
  7234 | D:7      | Reached skill level 5 in Short Blades
  7448 | D:7      | Reached skill level 9 in Hexes
  7630 | D:7      | Found a shimmering altar of Xom.
  7630 | D:7      | Found a deep blue altar of Sif Muna.
  7687 | D:7      | Found a glowing silver altar of Zin.
  8570 | D:8      | Reached XP level 10. HP: 49/49 MP: 14/21
  8923 | D:8      | Found a staircase to the Lair.
  9067 | D:9      | Found a shattered altar of Ashenzari.
  9622 | D:9      | Reached skill level 10 in Hexes
  9929 | D:9      | Found a hazy altar of Hepliaklqana.
  9940 | D:9      | Found a burning altar of Makhleb.
  9954 | D:9      | Found an iron altar of Okawaru.
 10309 | D:9      | Found a blossoming altar of Fedhas.
 10473 | D:10     | Entered Level 10 of the Dungeon
 10479 | D:10     | Noticed an unseen horror
 10480 | D:10     | Noticed Harold
 10515 | D:10     | Killed Harold
 10516 | D:10     | Killed an unseen horror
 10801 | D:10     | Noticed a gargoyle
 10818 | D:10     | Killed a gargoyle
 10851 | D:10     | Reached skill level 10 in Stealth
 10853 | D:10     | Reached XP level 11. HP: 52/52 MP: 9/23
 11201 | D:10     | Noticed Canard's ghost (journeyman OpBe)
 11208 | D:10     | Killed Canard's ghost
 11208 | D:10     | Reached skill level 5 in Fighting
 11424 | D:10     | Reached skill level 11 in Hexes
 11577 | D:11     | Noticed Grum
 11587 | D:11     | Killed Grum
 11755 | D:11     | Noticed Gastronok
 11857 | D:11     | Killed Gastronok
 11857 | D:11     | Reached skill level 1 in Conjurations
 12240 | D:11     | Found a blossoming altar of Fedhas.
 12328 | D:11     | Reached skill level 10 in Dodging
 12383 | D:11     | Gained mutation: You have large cloven feet. [potion of mutation]
 12383 | D:11     | Gained mutation: Your muscles are strong. (Str +2) [potion of mutation]
 12460 | D:12     | Noticed a hill giant
 12467 | D:12     | Killed a hill giant
 12477 | D:12     | Found Cupaaci's Antique Armour Emporium.
 12518 | D:12     | Noticed a hill giant
 12541 | D:12     | Killed a hill giant
 12751 | D:12     | Gained mutation: You are partially covered in rough black scales. (AC +4, Dex -1) [potion of mutation]
 12751 | D:12     | Gained mutation: You are dopey. (Int -2) [potion of mutation]
 12851 | D:12     | Noticed a green ugly thing
 12878 | D:12     | Killed a green ugly thing
 12893 | D:12     | Reached skill level 12 in Hexes
 12903 | D:12     | Noticed Rupert
 12989 | D:12     | Found a staircase to the Orcish Mines.
 13020 | D:12     | Reached skill level 5 in Shields
 13020 | D:12     | Reached XP level 12. HP: 58/58 MP: 16/25
 14058 | Lair:1   | Entered Level 1 of the Lair of Beasts
 14062 | Lair:1   | Found a labyrinth entrance.
 14071 | Lab      | Entered a labyrinth
 15149 | Lab      | Noticed a minotaur
 15153 | Lab      | Killed a minotaur
 16540 | Lair:2   | Noticed Prince Ribbit
 16558 | Lair:2   | Killed Prince Ribbit
 16926 | Lair:2   | Found a hole to the Spider Nest.
 17252 | Lair:3   | Reached skill level 1 in Throwing
 17344 | Lair:3   | Learned a level 2 spell: Confusing Touch
 17667 | Lair:3   | Found a staircase to the Swamp.
 17692 | Lair:3   | Reached skill level 13 in Hexes
 18358 | Lair:4   | Reached XP level 13. HP: 56/63 MP: 16/27
 18981 | Lair:5   | Found a staircase to the Slime Pits.
 19336 | Lair:5   | Noticed Maud
 19346 | Lair:5   | Killed Maud
 19346 | Lair:5   | Reached skill level 1 in Evocations
 19387 | Lair:5   | Noticed Kirke
 19446 | Lair:5   | Killed Kirke
 19577 | Lair:5   | Reached skill level 10 in Spellcasting
 20348 | Lair:6   | Entered Level 6 of the Lair of Beasts
 22109 | Lair:6   | Reached skill level 14 in Hexes
 22371 | Lair:6   | Reached XP level 14. HP: 67/70 MP: 11/29
 22745 | Lair:6   | Got a scorched bone amulet
 22747 | Lair:6   | Identified the amulet "Measchoas" {Spirit rC++} (You found it on level 6 of the Lair of Beasts)
 23254 | Lair:6   | Slain by a black bear

Vault maps used:
D:1:      ncdulo_lavacross, hangedman_decor_diamond_cutter, grunt_decor_clamped
D:2:      nicolae_ru_path_of_blood, first_bread, led_sif_pool, uniq_jessica,
          uniq_sigmund
D:3:      nemelex_altar_shiori, old_standard_altar, corexii_shack,
          hangedman_decor_push, uniq_natasha
D:4:      nicolae_gozag_seed_capital, uniq_menkaure
D:5:      minmay_temple_entry_hall
D:6:      wad_woods_pond, basic_altar
D:7:      kennysheep_little_box, gammafunk_temple_overflow_wave,
          grunt_ministairs_6, minmay_misc_feat_room
D:8:      lemuel_slime, lair_0_dummy
D:9:      nicolae_ashenzari_panopticon, minmay_overflow_temple_star_quad,
          hangedman_tree_tricks
D:10:     uniq_harold
D:11:     fedhas_altar_2, uniq_grum, uniq_gastronok
D:12:     orc_0_dummy, serial_shops, nicolae_shop_crystal,
          minmay_misc_feat_nine_boxes, uniq_rupert
D:13:     grunt_vaults_entry_tiered, minmay_misc_feat_diagonals
Lair:1:   lab_entry_generic
Lair:2:   nicolae_spider_entry_orb_guardian, grunt_megastairs_5,
          uniq_prince_ribbit2
Lair:3:   swamp_mist, serial_bayou_shore_b
Lair:5:   nicolae_slime_entry_slimehenge, minmay_stone_trees_small, uniq_maud,
          uniq_kirke
Lair:6:   minmay_lair_end_enchanted_forest, wad_woods_antlair
Lab:      nicolae_lab_hexagon

Skill      XL: |  1  2  3  4  5  6  7  8  9 10 11 12 13 14 |
---------------+-------------------------------------------+-----
Fighting       | 1 2 3 4 5 6 7 |  7.1
Hexes          | 4 5 6 7 9 10 12 13 14 | 14.1
Spellcasting   | 3 4 5 6 7 8 9 10 | 10.4
Short Blades   | 2 3 4 5 6 7 8 9 |  9.4
Dodging        | 4 5 6 8 9 10 11 12 | 12.3
Stealth        | 5 6 7 8 10 11 12 13 | 13.1
Shields        | 1 2 3 4 5 6 |  6.4
Conjurations   | 2 3 4 |  4.3
Throwing       | 2 3 |  3.9
Evocations     | 4 |  4.2

Action                   |  1- 3 |  4- 6 |  7- 9 | 10-12 | 13-15 || total
-------------------------+-------+-------+-------+-------+-------++-------
Melee: Dagger            |   152 |   158 |   609 |  1075 |   729 ||  2723
       Kick              |       |       |       |   159 |   204 ||   363
       Unarmed           |       |       |       |     6 |       ||     6
 Cast: Corona            |     3 |       |       |       |       ||     3
       Ensorcelled Hiber |    15 |    11 |     6 |     2 |     9 ||    43
       Confuse           |     4 |    19 |    83 |   192 |   152 ||   450
       Dazzling Spray    |       |       |     3 |     6 |    50 ||    59
       Confusing Touch   |       |       |       |     3 |       ||     3
  Use: Scroll            |       |       |     8 |    18 |     4 ||    30
       Potion            |       |       |     5 |     2 |       ||     7
 Stab: Sleeping          |    20 |    13 |    27 |    48 |    31 ||   139
       Confused          |     1 |     6 |    44 |   120 |    84 ||   255
       Distracted        |       |     2 |     5 |    10 |     4 ||    21
       Invisible         |       |       |     5 |     4 |    20 ||    29
  Eat: Bread ration      |       |     1 |     1 |     2 |     1 ||     5
       Royal jelly       |       |       |     1 |       |       ||     1
       Fruit             |       |       |       |     1 |       ||     1
       Pizza             |       |       |       |     1 |       ||     1
Armor: Robe              |    17 |    12 |    31 |    29 |    42 ||   131
Dodge: Dodged            |   124 |   119 |   280 |   430 |   374 ||  1327
Block: Buckler           |       |       |       |    56 |   144 ||   200
